 Dungeon Crawl Stone Soup version 0.30-a0-371-gad7725a93e (webtiles) character file.

Game seed: 4653352586587417835

2230 twist the Fighter (level 9, -9/84 HPs)
             Began as a Minotaur Fighter on Nov 20, 2022.
             Mangled by a polar bear (shapeshifter) (12 damage)
             ... on level 2 of the Abyss.
             The game lasted 00:05:51 (3962 turns).

twist the Fighter (Minotaur Fighter)                Turns: 3962, Time: 00:05:52

Health: -9/84      AC:  9    Str: 25    XL:     9   Next: 14%
Magic:  8/8        EV:  9    Int:  5    God:
Gold:   304        SH:  5    Dex: 10    Spells: 8/8 levels left

rFire   . . .      SeeInvis .    a - +1 war axe
rCold   . . .      Faith    .    c - +0 buckler
rNeg    . . .      Spirit   .    b - +0 scale mail
rPois   .          Reflect  .    (helmet restricted)
rElec   .          Harm     .    (no cloak)
rCorr   .          Rampage  .    l - +0 pair of gloves
Will    .....                    (no boots)
Stlth   ..........               o - amulet of regeneration
HPRegen 1.14/turn                (no ring)
MPRegen 0.11/turn                (no ring)

@: no status effects
A: horns 2, retaliatory headbutt
a: no special abilities


You were on level 2 of the Abyss.
You visited 1 branch of the dungeon, and saw 6 of its levels.
You visited the Abyss 1 time.

You collected 304 gold pieces.

Inventory:

Hand Weapons
 a - a +1 war axe (weapon)
Missiles
 n - 6 poisoned darts (quivered)
Armour
 b - a +0 scale mail (worn)
 c - a +0 buckler (worn)
 l - a +0 pair of gloves (worn)
Jewellery
 o - an amulet of regeneration (around neck)
Wands
 f - a wand of roots (5)
Scrolls
 h - a scroll of immolation
 i - 5 scrolls of fear
 p - 2 scrolls of teleportation
 q - a scroll of identify
 u - a scroll of enchant weapon
Potions
 d - a potion of flight
 e - 3 potions of curing
 g - a potion of heal wounds
 j - a potion of mutation
 k - a potion of lignification
 m - a potion of haste
 r - a potion of cancellation
 s - a potion of ambrosia
 t - a potion of attraction


   Skills:
 + Level 9.4 Fighting
 + Level 9.0 Axes
 - Level 8.0 Armour
 - Level 5.0 Shields


You had 8 spell levels left.
You didn't know any spells.
Your spell library contained the following spells:

 Spells                   Type           Power      Damage    Failure   Level
 Magic Dart               Conj           0%         1d3       82%         1
 Searing Ray              Conj           0%         2d4       91%         2
 Ignite Poison            Fire/Tmut/Pois 0%         N/A       99%         3
 Fulminant Prism          Conj/Hex       0%         3d5       100%        4
 Sticky Flame             Conj/Fire      0%         2d3       100%        4
 Ignition                 Fire           0%         3d3       100%        8
 Chain Lightning          Conj/Air       0%         N/A       100%        9
 Fire Storm               Conj/Fire      0%         5d1       100%        9
 Shatter                  Erth           0%         3d5*      100%        9


Dungeon Overview and Level Annotations

Branches:
Dungeon (6/15)
 Temple: D:4-7

Altars:
Cheibriados
Hepliaklqana
Qazlal
Sif Muna
Xom

Shops:
D:2 :

Annotations:
D:2 1 runed translucent door, Crazy Yiuf
D:6 4 runed translucent doors, Maggie


Innate Abilities, Weirdness & Mutations

You have a pair of horns on your head.
You reflexively headbutt those who attack you in melee.


Message History

The polar bear claws you.
* * * LOW HITPOINT WARNING * * *
You block the polar bear's attack. The neqoxec hits you!
* * * LOW HITPOINT WARNING * * *
Unknown command.
Damage: -7%(-6hp) hp: 32%(26hp) Unknown command.
You hit the neqoxec. Your headbutt misses the neqoxec.
The neqoxec is almost dead.
You hit the polar bear.
The polar bear is engulfed in seething chaos.
The polar bear seems to slow down.
The polar bear bites you!
* * * LOW HITPOINT WARNING * * *
The polar bear claws you but does no damage. x2
You block the neqoxec's attack.
The polar bear is engulfed in seething chaos.
The polar bear flickers and vanishes!
Deactivating autopickup; reactivate with Ctrl-A.
Something bites you!
* * * LOW HITPOINT WARNING * * *
Something claws you.
* * * LOW HITPOINT WARNING * * *
Something claws you but does no damage.
Huge Dmg: -21%(-17hp) hp: 11%(9hp)
You closely miss the neqoxec. You headbutt the neqoxec.
You kill the neqoxec!
You slash something! Something bites you but does no damage.
Something claws you but does no damage. x2
Your Axes skill increases to level 9!
Unknown command.
You closely miss something. Your headbutt misses something.
Something bites you.
* * * LOW HITPOINT WARNING * * *
Something claws you but does no damage. x2; Something bites you!
* * * LOW HITPOINT WARNING * * *
Something claws you but does no damage. x2
Huge Dmg: -9%(-8hp) hp: 3%(2hp)
You hit something but do no damage. You headbutt something.
Something bites you!
You die...

# # #. .#.
.##.#.. .#
........#.######
..#
...###....#### #
##.#....#...## #
.## .#...#...#
#....#...........
# ####..# ...##
#....#.#.#..#.
#####.@.......
...#..#{##....
##......... #
....#.#.#.##
..#.##. # #. #...
.. #.#. .#..... .
#. . ... . #.


There were no monsters in sight!

Vanquished Creatures
  Sigmund (D:2)
  A neqoxec (Abyss:2)
  A chaos spawn (Abyss:2)
  Menkaure (D:6)
  A water moccasin (D:6)
  2 black bears
  2 ogres
  3 centaurs
  2 phantoms (D:4)
  A bullfrog (D:6)
  Blork the orc (D:6)
  A scorpion (D:5)
  2 necrophages (D:4)
  A howler monkey (D:6)
  5 hounds
  2 orc priests (D:6)
  Terence (D:3)
  An iguana (D:4)
  2 orc wizards (D:6)
  Natasha (twice) (D:2)
  3 gnolls (D:6)
  5 adders
  A white imp (D:5)
  An ufetubus (D:6)
  6 dart slugs
  3 worms
  8 orcs
  4 endoplasms
  4 giant cockroaches
  4 goblins
  3 hobgoblins
  4 jackals (D:3)
  3 kobolds
  A quokka (D:5)
  6 ball pythons
  2 bats
  4 frilled lizards
  3 rats
98 creatures vanquished.

Notes
Turn   | Place    | Note
-------+----------+-------------------------------------------
     0 | D:1      | twist the Minotaur Fighter began the quest for the Orb.
     0 | D:1      | Reached XP level 1. HP: 19/19 MP: 0/0
   219 | D:1      | Reached XP level 2. HP: 26/27 MP: 1/1
   820 | D:2      | Found Umytah's Vocational Training.
   871 | D:2      | Noticed Sigmund
   991 | D:2      | Killed Sigmund
   992 | D:2      | Reached XP level 3. HP: 35/35 MP: 2/2
   992 | D:2      | Reached XP level 4. HP: 41/41 MP: 3/3
   992 | D:2      | Reached XP level 5. HP: 47/47 MP: 4/4
  1043 | D:2      | Noticed Natasha
  1049 | D:2      | Killed Natasha
  1050 | D:2      | Reached skill level 5 in Shields
  1431 | D:2      | Noticed Natasha
  1437 | D:2      | Killed Natasha
  1438 | D:2      | Reached skill level 5 in Fighting
  1438 | D:2      | Reached skill level 5 in Armour
  1473 | D:2      | Found a runed translucent door.
  1474 | D:2      | Noticed Crazy Yiuf
  1557 | D:3      | Noticed Terence
  1563 | D:3      | Huge Dmg: 13 dmg
  1564 | D:3      | Huge Dmg: 8 dmg
  1566 | D:3      | Huge Dmg: 7 dmg
  1566 | D:3      | Killed Terence
  1567 | D:3      | Reached XP level 6. HP: 11/56 MP: 5/5
  1567 | D:3      | Huge Dmg: 5 dmg
  1765 | D:3      | Found a snail-covered altar of Cheibriados.
  2538 | D:4      | Found a shimmering blue altar of Sif Muna.
  2564 | D:4      | Reached skill level 5 in Axes
  2635 | D:4      | Reached XP level 7. HP: 58/63 MP: 6/6
  2966 | D:5      | Entered Level 5 of the Dungeon
  2975 | D:5      | Huge Dmg: 14 dmg
  3053 | D:5      | Found a stormy altar of Qazlal.
  3277 | D:5      | Huge Dmg: 14 dmg
  3278 | D:5      | Reached XP level 8. HP: 60/73 MP: 7/7
  3378 | D:5      | Found a hazy altar of Hepliaklqana.
  3379 | D:5      | Found a shimmering altar of Xom.
  3380 | D:5      | Noticed a spectral ugly thing
  3418 | D:6      | Noticed Blork the orc
  3421 | D:6      | Killed Blork the orc
  3446 | D:6      | Found a large runed translucent door.
  3446 | D:6      | Found a large runed translucent door.
  3481 | D:6      | Noticed a manticore
  3490 | D:6      | Found a large runed translucent door.
  3490 | D:6      | Found a large runed translucent door.
  3557 | D:6      | Noticed Menkaure
  3562 | D:6      | Killed Menkaure
  3808 | D:6      | Huge Dmg: 21 dmg
  3811 | D:6      | Huge Dmg: 16 dmg
  3820 | D:6      | Noticed Maggie
  3825 | D:6      | Noticed a two-headed ogre
  3828 | D:6      | Reached XP level 9. HP: 69/83 MP: 8/8
  3858 | Abyss:2  | Cast into level 2 of the Abyss (Maggie)
  3953 | Abyss:2  | Noticed a polar bear
  3954 | Abyss:2  | Huge Dmg: 17 dmg
  3957 | Abyss:2  | Huge Dmg: 17 dmg
  3960 | Abyss:2  | Huge Dmg: 17 dmg
  3961 | Abyss:2  | HP: 2/84 [something (9)]
  3962 | Abyss:2  | Huge Dmg: 8 dmg
  3962 | Abyss:2  | Mangled by a polar bear (shapeshifter)

Illustrated notes

Levels and vault maps discovered:
D:1:      nzn_arrival_settlement, layout_rooms, minmay_misc_feat_square,
          minivault_27, nrook_uturn, grunt_decor_cap, grunt_decor_mini_mirrors,
          minmay_misc_feat_x
D:2:      layout_basic, nicolae_shop_vocational, uniq_crazy_yiuf_cottage,
          uniq_sigmund, uniq_natasha
D:3:      layout_basic, kennysheep_slug_shrine, kennysheep_cross_room,
          uniq_terence
D:4:      layout_basic, nicolae_sif_muna_condensation, serial_curves,
          eino_curves_02, eino_curves_03, eino_curves_01
D:5:      layout_cave_pools, regret_index_temple_of_mockery,
          grunt_qazlal_clouds, minmay_curled_crystal
D:6:      layout_loops_ring, minmay_temple_entry_mini_moons,
          gammafunk_ghost_smash, serial_glass, glass_columns_a, glass_columns_b,
          feat_on_display, feat_on_display, item_on_display_a,
          item_on_display_a, serial_park_tiny_2, supply_closet_lemuel,
          minmay_hollow_rounded_squares, uniq_blork_the_orc, uniq_menkaure,
          uniq_maggie
Abyss:2:  base: Temple, evilmike_abyss_exit_16, hangedman_stitches_earthworm

Skill      XL: |  1  2  3  4  5  6  7  8  9 |
---------------+----------------------------+-----
Fighting       | 4 5 6 7 9 |  9.4
Armour         | 4 5 6 7 8 |  8.0
Shields        | 4 5 |  5.0
Axes           | 4 5 6 8 9 |  9.0

Action                   |  1- 3 |  4- 6 |  7- 9 || total
-------------------------+-------+-------+-------++-------
Melee: War axe           |    37 |    94 |   159 ||   290
       Headbutt          |     4 |    11 |    27 ||    42
  Use: Potion            |     2 |     1 |     1 ||     4
       Scroll            |       |     7 |    10 ||    17
Armor: Scale mail        |    16 |    52 |    94 ||   162
Dodge: Dodged            |    19 |    49 |    66 ||   134
Block: Buckler           |    10 |    28 |    32 ||    70

Table legend: (Time is in decaauts)
 A = Elapsed time spent in this place.
 B = Non-inter-level travel time spent in this place.
 C = Inter-level travel time spent in this place.
 D = Time resting spent in this place.
 E = Time spent auto-exploring this place.
 F = Levels seen in this place.
 G = Mean time per level.
                   A        B        C        D        E       F      G
               +--------+--------+--------+--------+--------+-----+--------+
         Total |   4040 |   3866 |    174 |    215 |   2848 |   7 |  577.1 |
       Dungeon |   3935 |   3761 |    174 |    215 |   2762 |   6 |  655.8 |
         Abyss |    105 |    105 |      0 |      0 |     86 |   1 |  105.0 |
               +--------+--------+--------+--------+--------+-----+--------+

Top non-repeatable levels by time:
     D:2: 902 daAuts
     D:3: 819 daAuts
     D:1: 669 daAuts
     D:4: 652 daAuts
     D:6: 455 daAuts
     D:5: 436 daAuts
 Abyss:2: 105 daAuts
